 Dungeon Crawl Stone Soup version 0.32-a0-22-g6ae6769602 (webtiles) character file.

Game seed: 8924708383831421930

252 Curundu the Chopper (level 5, -1/45 HPs)
             Began as a Minotaur Berserker on Jan 18, 2024.
             Was a Believer of Trog.
             Slain by Grinder (4 damage)
             ... on level 3 of the Dungeon.
             The game lasted 00:07:12 (1972 turns).

Curundu the Chopper (Minotaur Berserker)            Turns: 1972, Time: 00:07:12

Health: -1/45      AC:  8    Str: 23    XL:     5   Next: 89%
Magic:  4/4        EV:  9    Int:  4    God:    Trog [**....]
Gold:   134        SH:  0    Dex: 10    Spells: 4/4 levels left

rFire   . . .        a - +0 hand axe
rCold   . . .        (no shield)
rNeg    . . .        d - +0 chain mail
rPois   .            (helmet restricted)
rElec   .            (no cloak)
rCorr   .            (no gloves)
SInv    .            (no boots)
Will    .....        (no amulet) Stlth
                     (no ring)
HPRegen 0.27/turn    (no ring)
MPRegen 0.09/turn

%: no passive effects
@: on berserk cooldown, slowed, very slow
A: horns 2, retaliatory headbutt
a: Renounce Religion, Berserk, Trog's Hand


You were on level 3 of the Dungeon.
You worshipped Trog.
Trog was pleased with you.
You visited 1 branch of the dungeon, and saw 3 of its levels.

You collected 134 gold pieces.

Inventory:

Hand Weapons
 a - a +0 hand axe (weapon)
Armour
 d - a +0 chain mail (worn)
Jewellery
 j - a +6 ring of intelligence
Scrolls
 b - a scroll of amnesia {unknown}
 c - 2 scrolls of identify
 i - a scroll of blinking
Potions
 e - a potion of brilliance {unknown}
 f - 2 potions of heal wounds {unknown}
 g - 2 potions of might
 h - a potion of lignification {unknown}


   Skills:
 - Level 3.6 Fighting
 + Level 6.2 Axes
 + Level 3.9 Throwing
 - Level 2.4 Armour
 - Level 2.1 Dodging


You had 4 spell levels left.
You didn't know any spells.
Your spell library was empty.

Dungeon Overview and Level Annotations

Branches:
Dungeon (3/15)

Altars:

Annotations:
D:3 Grinder


Innate Abilities, Weirdness & Mutations

You have a pair of horns on your head.
You reflexively headbutt those who attack you in melee.


Message History

You feel a strong urge to attack something.
Grinder gestures at you. You resist with almost no effort.
You feel your anger nearly subside.
You are no longer berserk.
You are exhausted.
You feel yourself slow down.
You closely miss Grinder.
Grinder is lightly wounded.
Grinder blinks!
You feel the effects of Trog's Hand fading.
You completely miss Grinder. Your headbutt misses Grinder.
Grinder is lightly wounded.
Grinder closely misses you. You furiously retaliate!
You headbutt Grinder! Grinder hits you.
You writhe in agony.
You hit Grinder.
Grinder is moderately wounded.
Grinder says, "DUCK!"
Grinder barely misses you.
You barely miss Grinder.
Grinder is moderately wounded.
Your skin stops crawling.
You feel less strong-willed. Grinder hits you.
You writhe in agony.
Grinder hits you.
You writhe in agony.
You closely miss Grinder.
Grinder is moderately wounded.
Grinder hits you.
You writhe in agony.
You hit Grinder.
Grinder is moderately wounded.
Grinder gestures at you. Pain shoots through your body!
* * * LOW HITPOINT WARNING * * *
Grinder gestures at you. Pain shoots through your body!
* * * LOW HITPOINT WARNING * * *
You hit Grinder but do no damage. Your headbutt misses Grinder.
Grinder is moderately wounded.
Grinder hits you.
* * * LOW HITPOINT WARNING * * *
You writhe in agony.
You die...
Grinder says, "Now the real fun starts!"

#. #.#.... #..#.#..######
+.>$.......... ...
###.......... ....
+....#..######
.....####.#..#####
.....#...........#
.....#.##........#
........#....5@..###
#....'........+.# #.#..
#....###......#.# #.#..
#....#........#.# #.#..
#....++#.#....#.#####..#####
##..........................
+......#.......#.......#...
#...........#...†..#......#
#.........#.†...#.....#....


You could see Grinder.

Vanquished Creatures
  A phantom (D:3)
  7 gnolls (D:2)
  5 adders
  2 ribbon worms (D:2)
  3 dart slugs
  2 orcs (D:3)
  4 endoplasms
  2 giant cockroaches (D:3)
  5 goblins
  6 hobgoblins
  A jackal (D:3)
  2 kobolds
  5 ball pythons
  6 bats
  4 frilled lizards
  6 rats
61 creatures vanquished.

Notes
Turn   | Place    | Note
-------+----------+-------------------------------------------
     0 | D:1      | Curundu the Minotaur Berserker began the quest for the Orb.
     0 | D:1      | Reached XP level 1. HP: 19/19 MP: 0/0
   277 | D:1      | Reached skill level 1 in Throwing
   288 | D:1      | Reached skill level 4 in Axes
   329 | D:1      | Reached XP level 2. HP: 26/26 MP: 1/1
   357 | D:1      | Found a faded altar of an unknown god.
   793 | D:2      | Reached XP level 3. HP: 31/31 MP: 2/2
   838 | D:2      | Reached skill level 5 in Axes
   838 | D:2      | Reached XP level 4. HP: 29/39 MP: 3/3
  1092 | D:2      | Reached ** piety under Trog
  1287 | D:2      | Reached XP level 5. HP: 37/45 MP: 4/4
  1782 | D:3      | Noticed a phantom
  1795 | D:3      | Killed a phantom
  1796 | D:3      | Reached skill level 6 in Axes
  1940 | D:3      | Noticed Grinder
  1950 | D:3      | Paralysed by Grinder for 2 turns
  1972 | D:3      | Slain by Grinder

Illustrated notes

Levels and vault maps discovered:
D:1:      moated_graveyard_arrival, layout_basic, ebering_ecumenical_altar_mist,
          nicolae_kite_square_tiling_tiny
D:2:      layout_rooms, st_stairs_13, minivault_4, minmay_circle_x
D:3:      layout_basic, minmay_increasing_density, uniq_grinder

Skill      XL: |  1  2  3  4  5 |
---------------+----------------+-----
Throwing       | 1 2 3 |  3.9
Axes           | 4 5 6 |  6.2
Fighting       | |  3.6
Armour         | |  2.4
Dodging        | |  2.1

Action                     |  1- 3 |  4- 6 || total
---------------------------+-------+-------++-------
  Melee: Hand axe          |    65 |   106 ||   171
         Headbutt          |     7 |    12 ||    19
 Invoke: Berserk           |     1 |     1 ||     2
         Trog's Hand       |       |     1 ||     1
    Use: Scroll            |     2 |     2 ||     4
 Armour: Ring mail         |    26 |       ||    26
         Chain mail        |    13 |    87 ||   100
  Dodge: Dodged            |    39 |    49 ||    88

Table legend: (Time is in decaauts)
 A = Elapsed time spent in this place.
 B = Non-inter-level travel time spent in this place.
 C = Inter-level travel time spent in this place.
 D = Time resting spent in this place.
 E = Time spent auto-exploring this place.
 F = Levels seen in this place.
 G = Mean time per level.
                   A        B        C        D        E       F      G
               +--------+--------+--------+--------+--------+-----+--------+
         Total |   1991 |   1991 |      0 |      0 |   1362 |   3 |  663.7 |
       Dungeon |   1991 |   1991 |      0 |      0 |   1362 |   3 |  663.7 |
               +--------+--------+--------+--------+--------+-----+--------+

Top non-repeatable levels by time:
     D:2: 778 daAuts
     D:1: 702 daAuts
     D:3: 510 daAuts
